 Dungeon Crawl Stone Soup version 0.29-a0-323-g050149af67 (webtiles) character file.

Game seed: 635600230383444971

29352 zishaf the Earth Mage (level 13, -17/99 HPs)
             Began as a Ghoul Earth Elementalist on Apr 11, 2022.
             Was an Elder of Hepliaklqana.
             Demolished by a komodo dragon (22 damage)
             ... on level 1 of the Lair of Beasts.
             The game lasted 00:40:59 (18341 turns).

zishaf the Earth Mage (Ghoul Earth Elementalist)   Turns: 18341, Time: 00:41:00

Health: -17/99     AC: 20    Str: 13    XL:     13   Next: 44%
Magic:  0/18       EV: 11    Int: 14    God:    Hepliaklqana [****..]
Gold:   1834       SH:  4    Dex: 11    Spells: 2/20 levels left

rFire   + . .      SeeInvis .   b - staff of earth
rCold   + + .      Faith    .   N - +0 buckler
rNeg    + + +      Spirit   .   I - +0 troll leather armour
rPois   ∞          Reflect  .   Q - +2 helmet
rElec   .          Harm     .   y - +2 cloak
rCorr   +          Rampage  .   m - +0 pair of gloves
Will    .....                   p - +2 pair of boots
Stlth   ++........              G - amulet "Odaloics" {Acrobat rF+ rCorr Dex+2}
HPRegen 0.00/turn               v - +4 ring of protection
MPRegen 0.16/turn               A - ring of protection from cold

@: inhibited regen
A: reduced essence, claws 1, cold resistance 1, negative energy resistance 3,
inhibited regeneration, torment resistance 2, devour on kill
a: Renounce Religion, Recall Ancestor, Ancestor Identity, Transference, Idealise


You were on level 1 of the Lair of Beasts.
You worshipped Hepliaklqana.
Hepliaklqana was greatly pleased with you.
You visited 3 branches of the dungeon, and saw 15 of its levels.

You collected 1834 gold pieces.

Inventory:

Hand Weapons
 a - a +1 hunting sling
 r - a +2 spear
Missiles
 h - 196 stones
 o - 3 throwing nets
Armour
 f - the +18 Lear's hauberk
   (You acquired it on level 6 of the Dungeon)
 m - a +0 pair of gloves (worn)
 p - a +2 pair of boots (worn)
 q - a +1 robe
 y - a +2 cloak (worn)
 I - a +0 troll leather armour (worn)
 N - a +0 buckler (worn)
 Q - a +2 helmet (worn)
Magical Staves
 b - a staff of earth (weapon)
Jewellery
 d - an amulet of reflection
 u - a ring of fire
 v - a +4 ring of protection (left hand)
 w - a +6 ring of dexterity
 A - a ring of protection from cold (right hand)
 F - the amulet "Iguss" {Reflect *Corrode +Inv rPois rN+ SH+5 Stlth+}
   (You took it off an orc on level 9 of the Dungeon)

   [amulet of reflection]

   It reflects blocked missile attacks.
   rPois:     It protects you from poison.
   rN:        It protects you from negative energy.
   +Inv:      It lets you turn invisible.
   *Corrode:  It may corrode you when you take damage.
   SH:        It affects your SH (+5).
   Stlth:     It makes you more stealthy.
 G - the amulet "Odaloics" (around neck) {Acrobat rF+ rCorr Dex+2}
   (You acquired it on level 9 of the Dungeon)

   [amulet of the acrobat]

   It increases your evasion while moving and waiting.
   Dex:       It affects your dexterity (+2).
   rF:        It protects you from fire.
   rCorr:     It protects you from acid and corrosion.
 R - a ring of willpower
Wands
 t - a wand of iceblast (10)
 E - a wand of mindburst (5)
 H - a wand of digging (7)
 J - a wand of polymorph (3)
Scrolls
 e - 5 scrolls of enchant weapon
 g - 6 scrolls of immolation
 i - 2 scrolls of amnesia
 j - 4 scrolls of identify
 n - 5 scrolls of brand weapon
 B - 2 scrolls of teleportation
 C - a scroll of enchant armour
 L - 3 scrolls of fog {unknown}
 O - a scroll of blinking
Potions
 c - a potion of magic
 k - 2 potions of attraction
 l - 3 potions of flight
 s - 10 potions of curing
 x - a potion of berserk rage
 z - 3 potions of brilliance
 D - a potion of invisibility
 M - a potion of heal wounds {unknown}
 P - a potion of resistance {unknown}
Miscellaneous
 K - a lightning rod (4/4)


   Skills:
 - Level 9.0 Fighting
 + Level 7.5 Armour
 - Level 1.7 Dodging
 - Level 2.1 Stealth
 + Level 3.3 Shields
 - Level 4.0 Spellcasting
 + Level 8.4 Conjurations
 - Level 7.0 Summonings
 - Level 0.8 Transmutations
 + Level 15.1 Earth Magic
 + Level 0.0 Invocations


You had 2 spell levels left.
You knew the following spells:

 Your Spells              Type           Power      Damage    Failure   Level
a - Sandblast             Erth           100%       2d20      1%          1
b - Stone Arrow           Conj/Erth      100%       3d13      1%          3
c - Passwall              Tmut/Erth      30%        N/A       1%          2
d - Animate Armour        Summ/Erth      100%       N/A       3%          4
e - Lehudib's Crystal Sp  Conj/Erth      26%        10d7      100%        8

Your spell library contained the following spells:

 Spells                   Type           Power      Damage    Failure   Level
 Shock                    Conj/Air       56%        1d6       5%          1
 Animate Skeleton         Necr           4%         N/A       30%         1
 Pain                     Necr           8%         1d4       30%         1
 Corpse Rot               Necr/Air       4%         N/A       43%         2
 Scorch                   Fire           4%         2d5       43%         2
 Call Canine Familiar     Summ           22%        N/A       5%          3
 Petrify                  Tmut/Erth      37%        N/A       12%         4
 Leda's Liquefaction      Hex/Erth       18%        N/A       14%         4
 Frozen Ramparts          Ice            4%         1d2       67%         3
 Lesser Beckoning         Tloc           2%         N/A       67%         3
 Ozocubu's Armour         Ice            2%         N/A       67%         3
 Portal Projectile        Hex/Tloc       4%         N/A       67%         3
 Swiftness                Air            2%         N/A       67%         3
 Vampiric Draining        Necr           2%         2d6       67%         3
 Summon Forest            Summ/Tloc      6%         N/A       90%         5
 Airstrike                Air            1%         N/A       97%         4
 Dispel Undead            Necr           2%         3d7       97%         4
 Manifold Assault         Tloc           2%         N/A       100%        5
 Metabolic Englaciation   Hex/Ice        1%         N/A       100%        5
 Death Channel            Necr           1%         N/A       100%        6
 Dispersal                Tloc           1%         N/A       100%        6
 Ozocubu's Refrigeration  Ice            1%         4d5       100%        7
 Polar Vortex             Ice            1%         N/A       100%        9
 Beastly Appendage        Tmut           Unusable   N/A       N/A         1
 Wereblood                Tmut           Unusable   N/A       N/A         2
 Spider Form              Tmut/Pois      Unusable   N/A       N/A         3

Dungeon Overview and Level Annotations

Branches:
Dungeon (12/15)            Temple (1/1) D:6            Lair (2/6) D:8
    Orc (0/2) D:9
  Swamp: Lair:2-4    Shoals: Lair:2-4     Snake: Lair:2-4    Spider: Lair:2-4

Altars:
Ashenzari
Cheibriados
Dithmenos
Elyvilon
Fedhas
Gozag
Hepliaklqana
Kikubaaqudgha
Makhleb
Nemelex Xobeh
Okawaru
Qazlal
Ru
Sif Muna
Trog
Uskayaw
Vehumet
Wu Jian
Xom
Yredelemnul
Zin
The Shining One

Shops:
D:4 *

Annotations:
D:12 3 runed translucent doors, sammy202020's ghost, journeyman DsBe


Innate Abilities, Weirdness & Mutations

Your life essence is reduced to manifest your ancestor. (-10% HP)
You are immune to poison.
You have sharp fingernails.
Your flesh is cold resistant. (rC+)
You are immune to negative energy. (rN+++)
You do not regenerate when monsters are visible.
You are immune to unholy pain and torment.
You thrive by killing the living.


Message History

You feel a surge of power!
The blast of sand hits the komodo dragon!
The komodo dragon is heavily wounded.
The komodo dragon bites you!
Casting: Sandblast (safe; 1% risk of failure)
Confirm with . or Enter, or press ? or * to list all spells.
Aiming: Sandblast (safe; 1% risk of failure)
Press: ? - help, Shift-Dir - straight line, f/p - komodo dragon
Aim: a komodo dragon (heavily wounded, 88% to hit)
You feel a surge of power!
The blast of sand misses the komodo dragon.
The komodo dragon barely misses you.
You barely miss the komodo dragon.
The komodo dragon is heavily wounded.
The komodo dragon bites you!
* * * LOW HITPOINT WARNING * * *
You hit the komodo dragon.
The komodo dragon is severely wounded.
The komodo dragon bites you but does no damage.
You hit the komodo dragon but do no damage.
The komodo dragon is severely wounded.
The komodo dragon barely misses you.
Casting: Sandblast (safe; 1% risk of failure)
Confirm with . or Enter, or press ? or * to list all spells.
Aiming: Sandblast (safe; 1% risk of failure)
Press: ? - help, Shift-Dir - straight line, f/p - komodo dragon
Aim: a komodo dragon (severely wounded, 88% to hit)
You feel a surge of power!
The blast of sand hits the komodo dragon!
The komodo dragon is almost dead.
The komodo dragon bites you!!
* * * LOW HITPOINT WARNING * * *
You hit the komodo dragon but do no damage.
The komodo dragon is almost dead.
The komodo dragon bites you but does no damage.
You hit the komodo dragon but do no damage.
The komodo dragon is almost dead.
The komodo dragon bites you but does no damage.
The komodo dragon bites you!!
You die...

..#.....##...##......#...........
..####...#...##...#....##........
P## #...#....#.............#....
## ###........≈...##....#..##.#
####...≈≈≈≈≈≈..#.##.......#
#......≈≈≈≈≈≈≈≈....##....##
###.....≈≈≈≈≈≈≈≈≈..####....#
#.....#≈≈≈≈≈≈≈≈≈≈≈.###.....##
#...###≈≈≈≈.@≈≈≈≈≈...##.....#
#######.≈≈≈≈l.≈≈≈..P..#.....#
#..≈≈≈≈≈≈≈≈≈...#.......#
##.≈≈≈≈≈≈≈≈≈.####.......
##..≈≈≈≈≈..###.#.......
##..≈≈....###....#....
#..........##.P#.....#
#...#......##.##......
#..........##..#......


You could see a komodo dragon.

Vanquished Creatures
  A boulder beetle (D:12)
  Harold (D:9)
  4 hydras
  4 two-headed ogres
  Amaemon (D:8)
  A deep elf pyromancer (D:11)
  2 manticores
  4 ugly things
  2 gargoyles
  Maggie (Lair:1)
  2 cane toads (Lair:1)
  An orange demon (D:8)
  3 kobold demonologists
  2 komodo dragons (Lair:1)
  The ghost of drugrobin the Chopper, an amateur DgFi (D:8)
  A polar bear (Lair:1)
  2 trolls
  A hornet (D:9)
  Grinder (D:4)
  4 blink frogs (Lair:1)
  Sigmund (D:2)
  5 wraiths
  A fire bat (D:8)
  A steam dragon (D:7)
  Grum (D:11)
  2 wargs
  An acid dragon (D:11)
  3 water moccasins
  4 black bears
  5 orc warriors
  3 sky beasts
  An ogre (D:6)
  5 wolves
  2 centaurs (D:12)
  2 phantoms
  6 kobold brigands
  A necrophage (D:6)
  3 bullfrogs
  Blork the orc (D:5)
  4 scorpions
  12 wights
  11 killer bees
  2 howler monkeys
  6 hounds
  8 orc priests
  Crazy Yiuf (D:2)
  2 gnoll shamans
  Natasha (thrice) (D:2)
  3 iguanas
  4 orc wizards
  5 hell rats (Lair:1)
  2 human simulacra (D:10)
  6 gnolls
  7 adders
  5 river rats (Lair:1)
  2 white imps
  A worm (D:2)
  A dart slug (D:5)
  23 orcs
  7 endoplasms
  5 giant cockroaches
  2 goblins
  6 hobgoblins
  2 jackals (D:1)
  A quokka (D:2)
  3 ball pythons
  5 bats
  2 frilled lizards
  22 kobolds
  8 rats
258 creatures vanquished.

Vanquished Creatures (collateral kills)
  2 boulder beetles
  A hydra (D:11)
  A centaur warrior (D:12)
  Sonja (D:11)
  An ugly thing (D:12)
  A cane toad (Lair:1)
  2 unseen horrors (D:12)
  2 kobold demonologists
  A rime drake (Lair:1)
  A yaktaur (D:11)
  Prince Ribbit (Lair:1)
  6 blink frogs (Lair:1)
  An acid dragon (D:12)
  4 orc warriors
  A wolf (Lair:1)
  A centaur (D:9)
  7 kobold brigands
  3 killer bees (D:10)
  3 howler monkeys
  2 orc priests
  2 orc wizards (D:8)
  A hell rat (Lair:1)
  5 river rats (Lair:1)
  11 orcs
  2 kobolds (D:9)
  A rat (Lair:1)
64 creatures vanquished.

Vanquished Creatures (others)
  4 ancestors
  10 hexers
  An orc wizard (D:7)
  6 fungi
  14 plants
35 creatures vanquished.

Grand Total: 357 creatures vanquished

Notes
Turn   | Place    | Note
-------+----------+-------------------------------------------
     0 | D:1      | zishaf the Ghoul Earth Elementalist began the quest for the
                  | Orb.
     0 | D:1      | Reached XP level 1. HP: 14/14 MP: 2/2
   400 | D:1      | Reached XP level 2. HP: 22/22 MP: 4/4
   455 | D:1      | Reached skill level 1 in Fighting
   581 | D:1      | You fall into a shaft and drop 1 floor!
   832 | D:1      | Found a faded altar of an unknown god.
   982 | D:1      | Reached XP level 3. HP: 28/28 MP: 5/5
  1274 | D:2      | Reached skill level 4 in Earth Magic
  1318 | D:2      | Found a runed translucent door.
  1321 | D:2      | Noticed Crazy Yiuf
  1335 | D:2      | Learned a level 3 spell: Stone Arrow
  1338 | D:2      | Learned a level 2 spell: Passwall
  1698 | D:2      | Noticed Natasha
  1705 | D:2      | Killed Natasha
  1706 | D:2      | Reached XP level 4. HP: 30/37 MP: 3/6
  1773 | D:2      | Noticed Sigmund
  1779 | D:2      | Killed Sigmund
  1780 | D:2      | Reached skill level 5 in Earth Magic
  1780 | D:2      | Reached XP level 5. HP: 20/45 MP: 0/7
  1780 | D:2      | Reached XP level 6. HP: 22/51 MP: 0/8
  2055 | D:2      | Noticed Natasha
  2059 | D:2      | Killed Natasha
  2060 | D:2      | Reached skill level 6 in Earth Magic
  2210 | D:2      | Noticed Natasha
  2215 | D:2      | Killed Natasha
  2810 | D:3      | Noticed a water moccasin
  2818 | D:3      | Killed a water moccasin
  2819 | D:3      | Reached skill level 7 in Earth Magic
  2819 | D:3      | Reached XP level 7. HP: 37/60 MP: 1/9
  3142 | D:4      | Found a broken altar of Ashenzari.
  3382 | D:4      | Noticed Grinder
  3383 | D:4      | Paralysed by Grinder for 7 turns
  3403 | D:4      | Killed Grinder
  3404 | D:4      | Reached skill level 5 in Fighting
  3404 | D:4      | Reached skill level 8 in Earth Magic
  3404 | D:4      | Reached XP level 8. HP: 39/69 MP: 2/10
  3623 | D:4      | Found Veut's General Store.
  4019 | D:5      | Entered Level 5 of the Dungeon
  4371 | D:5      | Reached skill level 9 in Earth Magic
  4411 | D:5      | Reached skill level 1 in Conjurations
  4734 | D:5      | Got the Volume of Displaced Fire
  4748 | D:5      | Found an ancient bone altar of Kikubaaqudgha.
  4843 | D:5      | Noticed Blork the orc
  4846 | D:5      | Killed Blork the orc
  5265 | D:2      | Killed Crazy Yiuf
  5444 | D:6      | Identified 2 scrolls of acquirement
  5444 | D:6      | Acquired the +18 Lear's hauberk
  5444 | D:6      | Found the +18 Lear's hauberk
  5731 | D:6      | Reached skill level 10 in Earth Magic
  5731 | D:6      | Reached XP level 9. HP: 78/78 MP: 6/11
  5886 | D:6      | Found a staircase to the Ecumenical Temple.
  5898 | Temple   | Entered the Ecumenical Temple
  6175 | Temple   | Became a worshipper of Hepliaklqana the Forgotten
  6233 | D:6      | Learned a level 4 spell: Animate Armour
  7298 | D:7      | Reached skill level 11 in Earth Magic
  7548 | D:7      | Found a shadowy altar of Dithmenos.
  8107 | D:7      | Reached XP level 10. HP: 88/88 MP: 0/13
  8986 | D:8      | Found a staircase to the Lair.
  8988 | D:8      | Noticed a two-headed ogre
  9137 | D:8      | Identified the +4 chain mail of Duck's Teeth {rN++ Str+8
                  | Dex-5}
  9169 | D:8      | Noticed an orange demon
  9171 | D:8      | Noticed Amaemon
  9176 | D:8      | Killed an orange demon
  9177 | D:8      | Reached skill level 12 in Earth Magic
  9287 | D:8      | Killed Amaemon
  9675 | D:8      | Reached * piety under Hepliaklqana
  9781 | D:8      | Found a runed translucent gate.
  9781 | D:8      | Found a runed translucent gate.
  9782 | D:8      | Found a runed translucent gate.
  9782 | D:8      | Noticed a kobold demonologist
  9784 | D:8      | Noticed drugrobin's ghost (amateur DgFi)
  9815 | D:8      | Killed a two-headed ogre
  9816 | D:8      | Reached skill level 1 in Armour
  9816 | D:8      | Reached skill level 1 in Summonings
  9906 | D:8      | Found a sparkling altar of Nemelex Xobeh.
 10695 | D:9      | Acquired 568 gold pieces
 10801 | D:9      | Noticed a kobold demonologist
 10801 | D:9      | Noticed a kobold demonologist
 10802 | D:9      | Noticed a soul eater
 10803 | D:9      | Noticed a rust devil
 10815 | D:9      | Reached skill level 5 in Conjurations
 10825 | D:9      | Killed a kobold demonologist
 10852 | D:9      | Killed a kobold demonologist
 10891 | D:9      | Reached XP level 11. HP: 66/87 MP: 6/14
 11274 | D:9      | Noticed Harold
 11285 | D:9      | Killed Harold
 11286 | D:9      | Reached skill level 13 in Earth Magic
 11505 | D:9      | Identified the amulet "Iguss" {Reflect *Corrode +Inv rPois
                  | rN+ SH+5 Stlth+}
 11603 | D:9      | Found a staircase to the Orcish Mines.
 11614 | D:9      | Noticed a two-headed ogre
 11620 | D:9      | Killed a two-headed ogre
 11630 | D:9      | Acquired the amulet "Odaloics" {Acrobat rF+ rCorr Dex+2}
 11642 | D:9      | Acquired 348 gold pieces
 12122 | D:10     | Entered Level 10 of the Dungeon
 12276 | D:10     | Found a radiant altar of Vehumet.
 12276 | D:10     | Reached ** piety under Hepliaklqana
 12277 | D:10     | Remembered your ancestor Demetirus as a hexer
 12454 | D:10     | Found a shimmering altar of Xom.
 12927 | D:11     | Noticed a purple ugly thing
 12931 | D:11     | Killed a purple ugly thing
 13010 | D:11     | Noticed a red ugly thing
 13015 | D:11     | Killed a red ugly thing
 13118 | D:11     | Noticed a two-headed ogre
 13181 | D:11     | Noticed a four-headed hydra
 13185 | D:11     | Killed a four-headed hydra
 13312 | D:11     | Noticed a green ugly thing
 13312 | D:11     | Noticed Grum
 13312 | D:11     | Noticed a manticore
 13451 | D:11     | Killed Grum
 13539 | D:11     | Killed a green ugly thing
 13541 | D:11     | Noticed Sonja
 13627 | D:11     | Killed Sonja
 13628 | D:11     | Reached skill level 5 in Armour
 13628 | D:11     | Reached skill level 5 in Summonings
 13629 | D:11     | Killed a manticore
 13630 | D:11     | Reached XP level 12. HP: 78/93 MP: 4/15
 13963 | D:11     | Noticed a six-headed hydra
 13968 | D:11     | Killed a six-headed hydra
 14048 | D:11     | Killed a two-headed ogre
 14049 | D:11     | Reached skill level 14 in Earth Magic
 14565 | D:11     | Reached *** piety under Hepliaklqana
 14812 | D:11     | Noticed a six-headed hydra
 14839 | D:11     | HP: 2/93 [six-headed hydra (3)]
 14892 | D:11     | Killed a six-headed hydra
 15373 | D:12     | Noticed a two-headed ogre
 15380 | D:12     | Killed a two-headed ogre
 15386 | D:12     | Noticed a boulder beetle
 15416 | D:12     | Killed a boulder beetle
 15552 | D:12     | Noticed a centaur warrior
 15561 | D:12     | Killed a centaur warrior
 15730 | D:12     | Noticed a boulder beetle
 15754 | D:12     | Killed a boulder beetle
 15997 | D:12     | Found a runed translucent gate.
 16000 | D:12     | Found a runed translucent gate.
 16001 | D:12     | Found a runed translucent gate.
 16002 | D:12     | Noticed sammy202020's ghost (journeyman DsBe)
 16577 | D:8      | Killed drugrobin's ghost
 16622 | D:8      | Reached XP level 13. HP: 34/99 MP: 1/18
 16632 | D:8      | Reached skill level 1 in Shields
 16891 | Lair:1   | Entered Level 1 of the Lair of Beasts
 16912 | Lair:1   | Learned a level 8 spell: Lehudib's Crystal Spear
 16994 | Lair:1   | Got the Incunabulum of the Eel
 17333 | Lair:1   | Noticed Prince Ribbit
 17349 | Lair:1   | Killed Prince Ribbit
 17437 | Lair:1   | Reached skill level 15 in Earth Magic
 17590 | Lair:1   | Noticed Maggie
 17594 | Lair:1   | Killed Maggie
 17986 | Lair:1   | Reached **** piety under Hepliaklqana
 18341 | Lair:1   | Demolished by a komodo dragon

Illustrated notes

Levels and vault maps discovered:
D:1:      ebering_trefoil_3fold, layout_loops_corners, basic_ecumenical_altar,
          minivault_4, minmay_door_square, glass_columns_b
D:2:      layout_loops_ring, serial_glass, glass_columns_a, glass_columns_a,
          glass_columns_b, glass_columns_a, chequers_serial_rivers_micro_e,
          uniq_natasha, uniq_sigmund, uniq_crazy_yiuf_cottage
D:3:      layout_basic
D:4:      layout_gridville, nicolae_ashenzari_skybound,
          mainiacjoe_overflow_boulevard, serial_shops, kennysheep_little_box,
          uniq_grinder
D:5:      layout_rooms, kiku_gazebo_garden_becter, kennysheep_generic_room_4,
          uniq_blork_the_orc
D:6:      layout_rooms, minmay_temple_entry_proselytizer
D:7:      layout_basic, mainiacjoe_overflow_alcove_4
D:8:      layout_basic, lemuel_doored_altar, erik_lair_orcish_takeover,
          gammafunk_ghost_nasty_kobolds, corner_web_ring, uniq_amaemon
D:9:      layout_roguey, david_orc_2, uniq_harold
D:10:     layout_basic, mainiacjoe_overflow_six_doors_small,
          nicolae_vehumet_altar_sigil, bh_circular_ruins
D:11:     hangedman_cross_stitches, layout_basic, minivault_1, uniq_grum,
          uniq_sonja
D:12:     layout_basic, gammafunk_ghost_necromancy
Temple:   regret_index_temple_generic_petals
Lair:1:   layout_misc_corridors, kennysheep_abandoned_house,
          infiniplex_staircase_pool_2, grunt_megastairs_5, uniq_prince_ribbit2,
          uniq_maggie
Lair:2:   layout_roguey, minmay_snake_entry_six_corridors,
          infiniplex_staircase_pool, serial_bayou_shore_a

Skill      XL: |  1  2  3  4  5  6  7  8  9 10 11 12 13 |
---------------+----------------------------------------+-----
Spellcasting   | 2 3 4 |  4.0
Fighting       | 1 2 3 4 5 6 7 9 |  9.0
Earth Magic    | 4 5 7 8 10 11 12 13 14 15 | 15.1
Conjurations   | 2 3 5 6 7 8 |  8.4
Armour         | 2 5 6 7 |  7.5
Summonings     | 2 5 6 7 |  7.0
Shields        | 3 |  3.3
Dodging        | |  1.7
Stealth        | |  2.1
Transmutations | |  0.8

Action                   |  1- 3 |  4- 6 |  7- 9 | 10-12 | 13-15 || total
-------------------------+-------+-------+-------+-------+-------++-------
Melee: Unarmed           |     1 |       |       |       |       ||     1
       Spear             |     7 |       |   104 |       |       ||   111
       Punch             |       |       |     1 |     2 |       ||     3
       Staff             |       |       |       |   239 |    93 ||   332
 Fire: Hunting sling     |    67 |    32 |    51 |       |       ||   150
 Cast: Sandblast         |    28 |    30 |   115 |    51 |    20 ||   244
       Stone Arrow       |       |       |    66 |   188 |    42 ||   296
       Animate Armour    |       |       |       |     1 |       ||     1
Invok: Ancestor Life: He |       |       |       |     1 |       ||     1
Evoke: Wand              |       |       |       |     3 |       ||     3
  Use: Scroll            |       |       |    16 |     9 |       ||    25
       Potion            |       |       |     1 |     1 |       ||     2
 Stab: Sleeping          |       |       |     3 |       |       ||     3
       Confused          |       |       |       |     1 |       ||     1
       Distracted        |       |       |       |       |     1 ||     1
Armor: Robe              |    12 |     7 |   107 |   112 |       ||   238
       Troll leather arm |       |       |       |    73 |    80 ||   153
Dodge: Dodged            |    29 |     4 |   129 |   296 |    91 ||   549
Block: Other             |       |       |       |    19 |       ||    19
       Reflection        |       |       |       |     1 |       ||     1
       Buckler           |       |       |       |     4 |    18 ||    22

Table legend: (Time is in decaauts)
 A = Elapsed time spent in this place.
 B = Non-inter-level travel time spent in this place.
 C = Inter-level travel time spent in this place.
 D = Time resting spent in this place.
 E = Time spent auto-exploring this place.
 F = Levels seen in this place.
 G = Mean time per level.
                   A        B        C        D        E       F      G
               +--------+--------+--------+--------+--------+-----+--------+
         Total |  18529 |  17445 |   1084 |   1923 |  12186 |  15 | 1235.3 |
       Dungeon |  16845 |  15814 |   1031 |   1923 |  10896 |  12 | 1403.8 |
        Temple |    305 |    277 |     28 |      0 |    265 |   1 |  305.0 |
          Lair |   1378 |   1353 |     25 |      0 |   1024 |   2 |  689.0 |
               +--------+--------+--------+--------+--------+-----+--------+

Top non-repeatable levels by time:
    D:11: 2160 daAuts
     D:6: 2023 daAuts
     D:8: 1774 daAuts
     D:2: 1592 daAuts
     D:9: 1493 daAuts
  Lair:1: 1369 daAuts
     D:7: 1319 daAuts
     D:5: 1309 daAuts
    D:12: 1202 daAuts
    D:10: 1165 daAuts
     D:1: 1026 daAuts
     D:4: 965 daAuts
     D:3: 811 daAuts
  Temple: 305 daAuts
  Lair:2: 8 daAuts
